AoeStats
← Juanjopaz27

Black Forest

508137701Analyzed
2v2 RM · 10d ago on Sep 21, 2026· 83m 14s· 4 players
Game mode
Random Map
Map size
Medium (4 player)
Population
200
Speed
Normal
Resources
Standard
Victory
Conquest
Starting age
Dark Age
Ending age
Imperial Age
RankedLock teamsTeams togetherTeam positionsShared explorationLock speedFull tech treeHidden civsTurbo modeCheats
Victory
Defeat
🇨🇴 Portuguese · Colombia
788
+15
🇨🇴 Franks · Colombia
764
+16
🇮🇩 Hindustanis · Indonesia
776
-16
🇲🇽 Vietnamese · Mexico
766
-15
Hackerman
5:39 Loom
12:03 Feudal Age
12:37 Double-Bit Axe
21:50 Castle Age
20:49 Horse Collar
21:04 Stone Mining
21:07 Gold Mining
21:13 Fletching
21:25 Scale Mail Armor
22:13 Forging
21:54 Fishing Lines
22:20 Arson
22:40 Padded Archer Armor
24:26 Heavy Plow
25:00 Leather Archer Armor
24:54 Gillnets
26:23 Bodkin Arrow
27:20 Bow Saw
27:43 Town Watch
30:01 Town Patrol
30:38 Caravan
31:40 Wheelbarrow
33:36 Pikeman
34:16 Squires
34:24 Scale Barding Armor
34:35 Chain Mail Armor
34:56 Iron Casting
38:10 Imperial Age
37:57 Stone Shaft Mining
37:45 Chain Barding Armor
38:37 Chatras
39:17 Halberdier
40:44 Hoardings
40:30 Paper Money
40:39 Paper Money
39:40 Elite Rattan Archer
41:28 Two-Man Saw
41:05 Crop Rotation
41:04 Hand Cart
43:47 Plate Barding Armor
43:13 Bracer
43:44 Ring Archer Armor
43:45 Plate Mail Armor
45:01 Husbandry
45:11 Bloodlines
45:21 Elite Skirmisher
46:07 Thumb Ring
46:27 Ballistics
47:08 Chemistry
46:04 Murder Holes
46:20 Fortified Wall
45:50 Treadmill Crane
46:16 Siege Engineers
48:03 Cavalier
48:05 Light Cavalry
50:27 Elite Battle Elephant
54:30 Imperial Skirmisher
Miyu.
12:34 Feudal Age
10:52 Loom
11:40 Loom
14:25 Double-Bit Axe
14:22 Horse Collar
19:43 Castle Age
18:29 Gold Mining
20:24 Forging
23:43 Heavy Plow
26:33 Stone Mining
26:57 Bow Saw
29:13 Iron Casting
29:18 Stone Shaft Mining
29:22 Gold Shaft Mining
29:40 Squires
29:25 Arson
30:21 Caravan
30:52 Coinage
34:39 Imperial Age
32:48 Wheelbarrow
32:05 Fletching
34:07 Hand Cart
36:56 Chemistry
36:17 Ballistics
35:53 Murder Holes
36:25 Elite Ghulam
37:26 Conscription
37:09 Grand Trunk Road
37:35 Town Watch
38:02 Grand Trunk Road
38:39 Hoardings
37:29 Heavy Camel Rider
38:12 Husbandry
38:24 Bloodlines
39:41 Imperial Camel Rider
41:27 Blast Furnace
40:29 Scale Mail Armor
40:34 Scale Barding Armor
42:02 Siege Engineers
41:58 Bodkin Arrow
42:04 Padded Archer Armor
44:39 Chain Barding Armor
44:34 Chain Mail Armor
44:21 Bracer
48:31 Banking
48:59 Onager
79:10 Light Cavalry
80:35 Hussar
Mathias1493
1:16 Loom
14:52 Feudal Age
15:41 Feudal Age
18:23 Wheelbarrow
17:35 Double-Bit Axe
19:50 Gold Mining
24:21 Castle Age
23:12 Forging
23:29 Fletching
23:47 Scale Barding Armor
24:56 Stone Mining
26:58 Hand Cart
27:10 Bow Saw
30:54 Chain Barding Armor
31:56 Caravan
34:07 Murder Holes
37:54 Imperial Age
36:03 Iron Casting
36:42 Fortified Wall
38:03 #83
37:46 Husbandry
38:27 Bodkin Arrow
38:00 Pikeman
38:26 Gambesons
38:41 Squires
38:27 Arson
38:04 Cavalier
38:49 Chivalry
40:17 Gold Shaft Mining
40:25 Onager
43:56 Halberdier
43:57 Man-at-Arms
44:43 Paladin
44:46 Elite Throwing Axeman
48:34 Plate Barding Armor
49:00 Blast Furnace
48:39 Capped Ram
51:25 Chemistry
57:45 Scale Mail Armor
57:45 Padded Archer Armor
70:28 Ballistics
75:09 Arrowslits
75:47 Sanctity
76:34 Heavy Scorpion
77:31 Chain Mail Armor
77:32 Leather Archer Armor
77:05 Town Watch
Juanjopaz27
6:05 Loom
10:53 Feudal Age
11:27 Double-Bit Axe
12:14 Horse Collar
20:21 Castle Age
18:18 Gold Mining
19:40 Fletching
19:50 Padded Archer Armor
21:23 Wheelbarrow
21:28 Bodkin Arrow
21:49 Leather Archer Armor
21:26 Town Watch
21:53 Heavy Plow
22:13 Bow Saw
25:05 Hand Cart
25:08 Stone Mining
27:38 Stone Shaft Mining
26:56 Gambesons
26:57 Arson
27:32 Leather Archer Armor
32:45 Imperial Age
31:14 Town Patrol
33:14 Ballistics
33:42 Forging
33:32 Scale Mail Armor
33:56 Bracer
34:26 Ring Archer Armor
35:30 Iron Casting
35:10 Chain Mail Armor
36:34 Chemistry
38:13 Two-Man Saw
37:56 Crop Rotation
37:17 Elite Organ Gun
38:47 Plate Mail Armor
39:17 Blast Furnace
37:41 Pikeman
37:42 Man-at-Arms
40:00 Blast Furnace
40:33 Halberdier
65:29 Cavalier
66:22 Bloodlines
66:14 Husbandry
66:58 Scale Barding Armor
67:51 Chain Barding Armor
66:59 Light Cavalry
77:54 Plate Barding Armor
83:44 Circumnavigation
83:46 Arquebus
83:45 Murder Holes
Connection lost

Rejoining the realm…

Still unreachable

The connection could not be restored.

Session expired

The server has moved on; the page needs a fresh start.